 Dungeon Crawl Stone Soup version 0.29-a0-330-g52719c12eb (webtiles) character file.

Game seed: 12466563586084155266

527 dohliylev the Ruffian (level 7, -4/66 HPs)
             Began as a Troll Warper on May 27, 2022.
             Was an Initiate of Okawaru.
             Succumbed to Dowan's poison
             ... on level 5 of the Dungeon.
             The game lasted 00:08:18 (3353 turns).

dohliylev the Ruffian (Troll Warper)                Turns: 3353, Time: 00:08:19

Health: -4/66      AC:  4    Str: 22    XL:     7   Next: 2%
Magic:  6/8        EV: 10    Int:  9    God:    Okawaru [......]
Gold:   195        SH:  0    Dex:  9    Spells: 6/8 levels left

rFire   . . .      SeeInvis .     - Unarmed
rCold   . . .      Faith    .   j - orb {light}
rNeg    + . .      Spirit   .   a - +0 robe
rPois   .          Reflect  .   (helmet restricted)
rElec   .          Harm     .   (no cloak)
rCorr   .          Rampage  .   (gloves unavailable)
Will    .....                   (boots unavailable)
Stlth   +.........              (no amulet)
HPRegen 1.01/turn               s - ring "Faressel" {Wiz rN+}
MPRegen 0.11/turn               (no ring)

@: lethally poisoned (-4 -> -28), on blink cooldown, glowing
A: large, unfitting armour, claws 3, regeneration 1, shaggy fur 1, tough skin 1
a: Renounce Religion


You were on level 5 of the Dungeon.
You worshipped Okawaru.
Okawaru was noncommittal.
You visited 2 branches of the dungeon, and saw 6 of its levels.

You collected 195 gold pieces.

Inventory:

Missiles
 c - 7 boomerangs of dispersal (quivered)
Armour
 a - a +0 robe (worn)
 d - an orb of wrath
 j - an orb of light (worn)
Jewellery
 s - the ring "Faressel" (left claw) {Wiz rN+}
   (You took it off a hobgoblin on level 4 of the Dungeon)

   [ring of wizardry]

   It improves your spell success rate.
   rN:        It protects you from negative energy.
Wands
 p - a wand of digging (1)
Scrolls
 b - a scroll of blinking
 f - a scroll of torment {unknown}
 h - a scroll of vulnerability {unknown}
 i - 4 scrolls of identify {unknown}
 k - 2 scrolls of teleportation {unknown}
 n - a scroll of enchant armour {unknown}
 q - a scroll of immolation {unknown}
Potions
 e - a potion of invisibility {unknown}
 g - 2 potions of lignification {unknown}
 l - 2 potions of heal wounds {unknown}
 m - a potion of attraction {unknown}
 o - 3 potions of mutation {unknown}
 r - a potion of curing {unknown}
 t - a potion of degeneration {unknown}


   Skills:
 + Level 2.6 Fighting
 + Level 0.8 Throwing
 + Level 3.3 Dodging
 + Level 5.9 Unarmed Combat
 + Level 1.4 Spellcasting
 + Level 2.5 Translocations


You had 6 spell levels left.
You knew the following spells:

 Your Spells              Type           Power      Damage    Failure   Level
a - Blink                 Tloc           10%        N/A       8%          2

Your spell library contained the following spells:

 Spells                   Type           Power      Damage    Failure   Level
 Gell's Gravitas          Tloc           5%         N/A       16%         3
 Lesser Beckoning         Tloc           5%         N/A       16%         3
 Teleport Other           Tloc           5%         N/A       16%         3
 Petrify                  Tmut/Erth      0%         N/A       77%         4
 Manifold Assault         Tloc           5%         N/A       77%         5
 Lehudib's Crystal Spear  Conj/Erth      0%         10d2      100%        8
 Necromutation            Tmut/Necr      0%         N/A       100%        8


Dungeon Overview and Level Annotations

Branches:
Dungeon (5/15)             Temple (1/1) D:4

Altars:
Ashenzari
Dithmenos
Elyvilon
Fedhas
Gozag
Hepliaklqana
Makhleb
Nemelex Xobeh
Okawaru
Sif Muna
Uskayaw
Vehumet
Xom
Yredelemnul
Zin
The Shining One

Annotations:
D:5 Dowan


Innate Abilities, Weirdness & Mutations

You are too large for most types of armour.
You have claws for hands.
Your natural rate of healing is unusually fast.
You are covered in fur. (AC +1)
You have tough skin. (AC +1)


Message History

Things that are here:
a +0 rapier; a +0 leather armour You barely miss Dowan.
You feel very sick. Dowan closely misses you.
You claw Dowan!
Dowan is heavily wounded.
You feel sick. The ufetubus barely misses you.
The ufetubus hits you but does no damage.
Dowan hits you with a +5 dagger of venom.
The ufetubus hits you but does no damage.
The ufetubus closely misses you.
Dowan gestures wildly while chanting.
Dowan blinks!
You feel sick. The ufetubus closely misses you. The ufetubus barely misses you.
You barely miss the ufetubus.
You feel sick. The ufetubus hits you. x3
The ufetubus hits you but does no damage.
You closely miss the ufetubus.
You feel sick. The ufetubus barely misses you. x2
Dowan hits you with a +5 dagger of venom.
You closely miss the ufetubus.
You feel sick. The ufetubus closely misses you. The ufetubus barely misses you.
Dowan hits you with a +5 dagger of venom.
You are more poisoned.
You scratch the ufetubus.
The ufetubus is almost dead.
You feel very sick. The ufetubus closely misses you.
The ufetubus hits you but does no damage.
Dowan casts a spell at you. The stone arrow hits you!
* * * LOW HITPOINT WARNING * * *
The ufetubus misses you. The ufetubus hits you.
* * * LOW HITPOINT WARNING * * *
Dowan hits you with a +5 dagger of venom!
* * * LOW HITPOINT WARNING * * *
You are more poisoned.
Casting: Blink (safe; 8% risk of failure)
Confirm with . or Enter, or press ? or * to list all spells.
You blink.
You die...

#.## ##.... .....
.#.# ##...#
######### #....#
........# ####5.#
.)......###..§e.#
.......<...@###.#
........##### ...
........# ....#
######### ....#
?...# #...# ...#


You could see Dowan (fast) and an ufetubus.

Vanquished Creatures
  Sigmund (D:3)
  Duvessa (D:5)
  An ice beast (D:4)
  A hound (D:4)
  Robin (D:2)
  6 adders
  An ufetubus (D:4)
  A worm (D:4)
  A dart slug (D:4)
  5 bats
  7 endoplasms
  A giant cockroach (D:1)
  8 goblins
  9 hobgoblins
  2 jackals (D:4)
  5 kobolds
  3 quokkas (D:4)
  7 ball pythons
  2 frilled lizards
  4 rats
67 creatures vanquished.

Notes
Turn   | Place    | Note
-------+----------+-------------------------------------------
     0 | D:1      | dohliylev the Troll Warper began the quest for the Orb.
     0 | D:1      | Reached XP level 1. HP: 19/19 MP: 1/1
   343 | D:1      | Reached XP level 2. HP: 27/27 MP: 3/3
   987 | D:2      | Reached XP level 3. HP: 29/35 MP: 4/4
  1368 | D:2      | Noticed Robin
  1375 | D:2      | Reached XP level 4. HP: 36/42 MP: 5/5
  1408 | D:2      | Killed Robin
  1409 | D:2      | Reached skill level 3 in Unarmed Combat
  1779 | D:3      | Found a shadowy altar of Dithmenos.
  1845 | D:3      | Noticed Sigmund
  1855 | D:3      | Killed Sigmund
  1856 | D:3      | Reached skill level 4 in Unarmed Combat
  1856 | D:3      | Reached XP level 5. HP: 33/49 MP: 6/6
  1887 | D:3      | Found a faded altar of an unknown god.
  2034 | D:3      | Got Sif Muna's Papyrus of Clay and Sinister Magic
  2146 | D:3      | Found an opulent altar of Gozag.
  2276 | D:3      | Found a glowing silver altar of Zin.
  2384 | D:4      | Found a staircase to the Ecumenical Temple.
  2394 | D:4      | Reached XP level 6. HP: 54/57 MP: 7/7
  2400 | Temple   | Entered the Ecumenical Temple
  2579 | Temple   | Became a worshipper of Warmaster Okawaru
  2688 | D:4      | Identified the ring "Faressel" {Wiz rN+}
  2691 | D:4      | Noticed an ice beast
  2743 | D:4      | Killed an ice beast
  2744 | D:4      | Reached skill level 5 in Unarmed Combat
  2771 | D:4      | Learned a level 2 spell: Blink
  3332 | D:5      | Entered Level 5 of the Dungeon
  3335 | D:5      | Noticed Duvessa
  3343 | D:5      | Noticed Dowan
  3344 | D:5      | Killed Duvessa
  3345 | D:5      | Reached XP level 7. HP: 53/66 MP: 8/8
  3352 | D:5      | HP: 2/66 [Dowan/+5 dagger of venom (7)]
  3353 | D:5      | Succumbed to Dowan's poison

Illustrated notes

Levels and vault maps discovered:
D:1:      tarquinn_simple_flora_water_d, layout_basic, minmay_box_of_dots
D:2:      layout_loops_ring, uniq_robin
D:3:      layout_basic, grunt_dithmenos_smoke_and_mirrors,
          pdpol_temple_overflow_zin_treasury_gozag_greed,
          hellmonk_ecumenical_altar_zigzags, grunt_decor_cap, uniq_sigmund
D:4:      layout_loops_ring, minmay_temple_entry_arrows
D:5:      layout_rooms, uniq_pikel, uniq_eustachio, uniq_duvessa,
          uniq_blork_the_orc
Temple:   nicolae_temple_figure_eight

Skill      XL: |  1  2  3  4  5  6 |
---------------+-------------------+-----
Dodging        | 2 3 |  3.3
Fighting       | 2 |  2.6
Unarmed Combat | 4 5 |  5.9
Throwing       | |  0.8
Spellcasting   | |  1.4
Translocations | |  2.5

Action                   |  1- 3 |  4- 6 |  7- 9 || total
-------------------------+-------+-------+-------++-------
Melee: Unarmed           |    64 |    87 |     6 ||   157
       Punch             |       |     1 |       ||     1
 Cast: Blink             |       |       |     1 ||     1
Armor: Robe              |    15 |    28 |     4 ||    47
Dodge: Dodged            |    30 |    39 |    12 ||    81

Table legend: (Time is in decaauts)
 A = Elapsed time spent in this place.
 B = Non-inter-level travel time spent in this place.
 C = Inter-level travel time spent in this place.
 D = Time resting spent in this place.
 E = Time spent auto-exploring this place.
 F = Levels seen in this place.
 G = Mean time per level.
                   A        B        C        D        E       F      G
               +--------+--------+--------+--------+--------+-----+--------+
         Total |   3386 |   3296 |     90 |    428 |   2290 |   6 |  564.3 |
       Dungeon |   3172 |   3092 |     80 |    428 |   2095 |   5 |  634.4 |
        Temple |    213 |    203 |     10 |      0 |    195 |   1 |  213.0 |
               +--------+--------+--------+--------+--------+-----+--------+

Top non-repeatable levels by time:
     D:1: 955 daAuts
     D:2: 755 daAuts
     D:4: 738 daAuts
     D:3: 704 daAuts
  Temple: 213 daAuts
     D:5: 19 daAuts
